 Dungeon Crawl Stone Soup version 0.30-a0-939-gc8157cb160 (webtiles) character file.

Game seed: 3011874788609112140

11260 bande the Cleaver (level 11, -1/74 HPs)
             Began as a Gargoyle Fighter on Mar 26, 2023.
             Was a High Priest of Okawaru.
             Slain by a polar bear (4 damage)
             ... on level 1 of the Lair of Beasts.
             The game lasted 00:23:31 (13333 turns).

bande the Cleaver (Gargoyle Fighter)               Turns: 13333, Time: 00:23:31

Health: -1/74      AC: 30    Str: 19    XL:     11   Next: 75%
Magic:  15/15      EV:  6    Int:  8    God:    Okawaru [*****.]
Gold:   700        SH:  6    Dex: 18    Spells: 10/10 levels left

rFire   + . .      SeeInvis .    a - +1 war axe
rCold   . . .      Faith    .    c - +0 buckler
rNeg    + . .      Spirit   .    g - +0 plate armour
rPois   ∞          Reflect  .    F - +2 hat
rElec   +          Rampage  .    v - +0 cloak
rCorr   .                        x - +0 pair of gloves
Will    .....                    (no boots) Stlth
                                 (no amulet)
HPRegen 0.32/turn                k - ring of the Moon {rF+ AC+4 Dex+5}
MPRegen 0.14/turn                t - +4 ring of slaying

@: no status effects
A: sickness immunity, AC +8, negative energy resistance 1, electricity
resistance, torment resistance 1, petrification resistance, dopey 1, robust 1
a: Renounce Religion, Heroism, Finesse, Duel


You were on level 1 of the Lair of Beasts.
You worshipped Okawaru.
Okawaru was extremely pleased with you.
You visited 3 branches of the dungeon, and saw 11 of its levels.
You also visited: Bailey.

You collected 700 gold pieces.

Inventory:

Hand Weapons
 a - a +1 war axe (weapon)
 r - a +2 flail of freezing
Missiles
 B - 4 throwing nets (quivered)
Armour
 c - a +0 buckler (worn)
 g - a +0 plate armour (worn)
 v - a +0 cloak (worn)
 x - a +0 pair of gloves (worn)
 F - a +2 hat (worn)
Jewellery
 e - a +6 ring of strength
 j - a +6 ring of intelligence
 k - the ring of the Moon (left hand) {rF+ AC+4 Dex+5}
   (You found it on level 6 of the Dungeon)

   [ring of protection]

   AC:        It affects your AC (+4).
   Dex:       It affects your dexterity (+5).
   rF:        It protects you from fire.
 q - an amulet of magic regeneration
 t - a +4 ring of slaying (right hand)
 D - a ring of ice
Wands
 s - a wand of roots (14)
 w - a wand of paralysis (2)
 y - a wand of mindburst (5)
 E - a wand of flame (28)
Scrolls
 d - 2 scrolls of blinking
 m - a scroll of acquirement
 p - 4 scrolls of identify
 u - 3 scrolls of teleportation
 A - a scroll of torment {unknown}
 C - 2 scrolls of fear
Potions
 b - 4 potions of curing
 f - a potion of mutation
 h - 2 potions of flight
 i - 3 potions of berserk rage
 l - 2 potions of brilliance
 n - a potion of magic
 o - a potion of ambrosia
 z - a potion of haste


   Skills:
 + Level 7.8 Fighting
 + Level 10.8 Axes
 + Level 8.1 Armour
 + Level 7.2 Shields
 * Level 5.7 Invocations
 * Level 6.6 Evocations


You had 10 spell levels left.
You didn't know any spells.
Your spell library contained the following spells:

 Spells                   Type           Power      Damage    Failure   Level
 Magic Dart               Conj           0%         1d3       100%        1
 Poisonous Vapours        Pois/Air       0%         N/A       100%        2
 Mephitic Cloud           Conj/Pois/Air  0%         N/A       100%        3
 Ozocubu's Armour         Ice            0%         N/A       100%        3
 Petrify                  Tmut/Erth      0%         N/A       100%        4
 Fireball                 Conj/Fire      0%         3d3       100%        5
 Iskenderun's Battlesphe  Conj           0%         2d6       100%        5
 Metabolic Englaciation   Hex/Ice        0%         N/A       100%        5
 Conjure Ball Lightning   Conj/Air       0%         3x3d6     100%        6
 Iron Shot                Conj/Erth      0%         9d1       100%        6
 Orb of Destruction       Conj           0%         9d5       100%        7
 Call Imp                 Summ           Unusable   N/A       N/A         2
 Cigotuvi's Dreadful Rot  Necr/Pois/Air  Unusable   N/A       N/A         2
 Summon Guardian Golem    Hex/Summ       Unusable   N/A       N/A         3
 Simulacrum               Ice/Necr       Unusable   N/A       N/A         6
 Statue Form              Tmut/Erth      Unusable   N/A       N/A         6
 Spellforged Servitor     Conj/Summ      Unusable   N/A       N/A         7

Dungeon Overview and Level Annotations

Branches:
Dungeon (9/15)             Temple (1/1) D:6            Lair (1/5) D:9
 Bailey (visited)
    Orc: D:9-12

Altars:
Ashenzari
Dithmenos
Fedhas
Gozag
Makhleb
Okawaru
Qazlal
Ru
Sif Muna
Trog
Uskayaw
Vehumet
Wu Jian
Yredelemnul
Zin
The Shining One

Shops:
D:6 *

Annotations:
D:3 2 transporters


Innate Abilities, Weirdness & Mutations

You are immune to sickness and miasma.
Your stone body is resilient. (AC +8)
You are immune to poison.
You resist negative energy. (rN+)
You are resistant to electric shocks. (rElec)
You are resistant to unholy torment.
You are immune to petrification.
You are dopey. (Int -2)
You are robust. (+10% HP)


Message History

* * * LOW HITPOINT WARNING * * *
You block the polar bear's attack.
The polar bear bites you but does no damage.
The polar bear completely misses you. The polar bear claws you.
* * * LOW HITPOINT WARNING * * *
You barely miss the polar bear.
The polar bear is almost dead.
The polar bear bites you!
* * * LOW HITPOINT WARNING * * *
The polar bear claws you but does no damage. x2
You hit the polar bear.
The polar bear is almost dead.
The polar bear bites you but does no damage.
The polar bear claws you but does no damage.
You block the polar bear's attack. The polar bear barely misses you. x2
The polar bear claws you but does no damage.
You hit the polar bear.
The polar bear is almost dead.
You block the polar bear's attack. The polar bear claws you.
* * * LOW HITPOINT WARNING * * *
The polar bear claws you but does no damage.
Unknown command.
You feel better. The polar bear bites you.
* * * LOW HITPOINT WARNING * * *
The polar bear claws you.
* * * LOW HITPOINT WARNING * * *
The polar bear claws you.
* * * LOW HITPOINT WARNING * * *
The polar bear bites you but does no damage.
The polar bear claws you but does no damage. x2
You hit the polar bear but do no damage.
The polar bear is almost dead.
The polar bear barely misses you. You block the polar bear's attack.
The polar bear claws you but does no damage.
You barely miss the polar bear.
The polar bear is almost dead.
The polar bear barely misses you. x2; You block the polar bear's attack.
The polar bear bites you but does no damage.
The polar bear claws you.
You die...

#...............#
++......#.......#.
#......#.........
#......#.......#.
#..............# #
##..............# ..#
#........#.+#.###....
............††.......#
.............@........
.............h........
##..######.###########
### ###


You could see a polar bear (berserk).

Vanquished Creatures
  Pikel (D:7)
  2 deep elf pyromancers (D:9)
  A cane toad (Lair:1)
  Maggie (D:6)
  A troll (D:9)
  A hornet (D:8)
  5 yaks (D:8)
  Eustachio (D:6)
  2 steam dragons
  An acid dragon (D:9)
  15 orc warriors
  A swamp drake (D:9)
  A sky beast (D:5)
  6 wolves (Lair:1)
  15 centaurs
  5 ogres
  2 phantoms (D:6)
  2 lemures (D:7)
  A kobold brigand (D:9)
  4 gnoll sergeants (D:9)
  8 bullfrogs
  2 scorpions
  5 wights
  14 killer bees
  A vampire bat (D:5)
  3 howler monkeys
  2 electric eels (D:9)
  3 jellies
  A crimson imp (D:9)
  3 gnoll boudas (D:9)
  10 hounds
  3 orc priests
  An iron imp (D:9)
  5 sleepcaps
  Natasha (thrice) (D:4)
  An iguana (D:6)
  16 orc wizards
  30 gnolls
  4 adders
  A shadow imp (D:9)
  3 white imps
  3 ufetubi
  7 worms
  3 dart slugs
  52 orcs
  5 ball pythons
  4 endoplasms
  5 giant cockroaches
  8 goblins
  5 hobgoblins
  6 jackals (D:9)
  6 kobolds
  5 quokkas
  14 bats
  2 frilled lizards
  3 rats
315 creatures vanquished.

Vanquished Creatures (others)
  A steam dragon (D:6)
  A wolf (D:9)
  An orc (D:8)
3 creatures vanquished.

Grand Total: 318 creatures vanquished

Notes
Turn   | Place    | Note
-------+----------+-------------------------------------------
     0 | D:1      | bande the Gargoyle Fighter began the quest for the Orb.
     0 | D:1      | Reached XP level 1. HP: 14/14 MP: 1/1
    73 | D:1      | Reached skill level 2 in Axes
    73 | D:1      | Reached XP level 2. HP: 17/19 MP: 2/2
   156 | D:1      | Found a faded altar of an unknown god.
   259 | D:1      | Reached XP level 3. HP: 23/23 MP: 3/3
   962 | D:2      | Identified the +4 spear of Vothrilapn {drain, rC+}
  1045 | D:2      | You fall into a shaft and drop 2 floors!
  1046 | D:4      | Noticed an ogre
  1053 | D:4      | Killed an ogre
  1054 | D:4      | Reached skill level 3 in Axes
  1054 | D:4      | Reached XP level 4. HP: 7/29 MP: 4/4
  1054 | D:4      | Reached XP level 5. HP: 8/33 MP: 5/5
  1194 | D:4      | Noticed Natasha
  1202 | D:4      | Killed Natasha
  1588 | D:3      | Found a stormy altar of Qazlal.
  1590 | D:3      | Noticed a fire elemental
  1595 | D:3      | Noticed an air elemental
  1935 | D:3      | Noticed a water elemental
  1971 | D:3      | Found a transporter.
  2102 | D:3      | Reached skill level 4 in Axes
  2113 | D:3      | Reached XP level 6. HP: 38/38 MP: 6/6
  2139 | D:3      | Found a transporter.
  2198 | D:3      | Found a bloodstained altar of Trog.
  2402 | D:4      | Reached skill level 1 in Evocations
  2634 | D:4      | Noticed Natasha
  2643 | D:4      | Killed Natasha
  2730 | D:4      | Reached XP level 7. HP: 32/44 MP: 7/7
  3140 | D:4      | Noticed Natasha
  3149 | D:4      | Killed Natasha
  3265 | D:5      | Entered Level 5 of the Dungeon
  3270 | D:5      | Reached skill level 5 in Axes
  3563 | D:5      | Gained mutation: You are dopey. (Int -2) [potion of
                  | mutation]
  3563 | D:5      | Gained mutation: You are robust. (+10% HP) [potion of
                  | mutation]
  3598 | D:5      | Found an ornate altar of the Wu Jian Council.
  3645 | D:5      | Reached XP level 8. HP: 43/52 MP: 8/8
  3715 | D:5      | Reached skill level 6 in Axes
  4049 | D:6      | Identified the ring of the Moon {rF+ AC+4 Dex+5}
  4057 | D:6      | Noticed Maggie
  4065 | D:6      | Reached skill level 5 in Fighting
  4065 | D:6      | Reached skill level 5 in Armour
  4085 | D:6      | Killed Maggie
  4425 | D:6      | Found Xohip's Assorted Antiques.
  4608 | D:6      | Reached skill level 5 in Shields
  4756 | D:5      | Reached skill level 7 in Axes
  4934 | D:6      | Reached XP level 9. HP: 39/59 MP: 9/9
  5538 | D:6      | Reached skill level 8 in Axes
  5727 | D:6      | Found a staircase to the Ecumenical Temple.
  5737 | Temple   | Entered the Ecumenical Temple
  5748 | Temple   | Became a worshipper of Warmaster Okawaru
  5874 | D:6      | Noticed Eustachio
  5882 | D:6      | Killed Eustachio
  5883 | D:6      | Reached skill level 1 in Invocations
  6471 | D:7      | Noticed Pikel
  6486 | D:7      | Killed Pikel
  6486 | D:7      | Reached * piety under Okawaru
  6487 | D:7      | Reached XP level 10. HP: 38/67 MP: 11/11
  6689 | D:7      | Reached skill level 5 in Evocations
  6799 | D:7      | Found an opulent altar of Gozag.
  6827 | D:7      | Found a hide-covered altar of Uskayaw.
  6905 | D:7      | Found a burning altar of Makhleb.
  6993 | D:7      | Found a sacrificial altar of Ru.
  7396 | D:8      | Reached skill level 9 in Axes
  7626 | D:8      | Reached ** piety under Okawaru
  8801 | D:9      | Found a flagged portal.
  8908 | Bailey   | Entered a bailey
  9243 | Bailey   | Reached *** piety under Okawaru
  9587 | Bailey   | Identified the +3 bardiche of Aruehan {freeze, *Corrode
                  | rPois Int+5 Dex+3}
  9590 | Bailey   | Found the +9 staff of Wucad Mu {*channel}
  9609 | Bailey   | Reached XP level 11. HP: 50/73 MP: 14/14
 10293 | Bailey   | Reached skill level 10 in Axes
 11469 | D:9      | Found a staircase to the Lair.
 11658 | D:9      | Reached skill level 5 in Invocations
 11794 | D:9      | Found a radiant altar of Vehumet.
 11857 | D:9      | Reached **** piety under Okawaru
 12449 | D:9      | Identified the +2 spear of the Kissing Penguin {protect,
                  | rCorr Dex+2}
 12924 | D:9      | Noticed a deep elf pyromancer
 12932 | D:9      | Killed a deep elf pyromancer
 12966 | D:9      | Noticed a deep elf pyromancer
 12973 | D:9      | Killed a deep elf pyromancer
 13216 | Lair:1   | Entered Level 1 of the Lair of Beasts
 13322 | Lair:1   | Reached ***** piety under Okawaru
 13331 | Lair:1   | HP: 3/74 [polar bear (5)]
 13333 | Lair:1   | Slain by a polar bear

Illustrated notes

Levels and vault maps discovered:
D:1:      noname_arrival_rooms_in_the_neighbourhood, layout_basic,
          shapermc_ecumenical_altar_starsandcircs
D:2:      layout_loops_ring, serial_glass, glass_columns_a, glass_columns_a,
          glass_columns_b, glass_columns_c
D:3:      gammafunk_wand_slinger, layout_loops_corners,
          nicolae_qazlal_style_of_elements, marbit_many_paths, solitary_fountain
D:4:      layout_loops_ring, palyth_stone_intersect, nicolae_wormholes,
          uniq_natasha
D:5:      layout_rooms, nicolae_overflow_hidden_temple, roderic_batcave,
          hangedman_decor_points, lemuel_flamethrower_1
D:6:      layout_loops_ring, minmay_temple_entry_statues_pillars, serial_shops,
          shop_fountains, corexii_corridor_pit, grunt_potential, uniq_maggie,
          uniq_eustachio
D:7:      layout_basic, overflow_temple_1_default, hangedman_ru_absence,
          old_standard_altar, nicolae_gozag_seed_capital,
          minmay_misc_feat_more_columns, uniq_pikel
D:8:      layout_layer_cave
D:9:      layout_cave_pools, mainiacjoe_overflow_catwalk, dpeg_oklobed_lair,
          enter_bailey_2, serial_gnoll_camp, gnoll_camp_huts_moat,
          gnoll_camp_mini_loothouse, gnoll_camp_mini_basic,
          gnoll_camp_mini_basic, gnoll_camp_medium_01, hangedman_minor_magic
Temple:   compressed_dpeg_triangle_lava_temple
Lair:1:   layout_regular_city, grunt_megastairs_1

Skill      XL: |  1  2  3  4  5  6  7  8  9 10 11 |
---------------+----------------------------------+-----
Axes           | 2 3 4 5 7 8 9 10 | 10.8
Armour         | 4 5 6 7 8 |  8.1
Fighting       | 4 5 6 7 |  7.8
Shields        | 4 5 6 7 |  7.2
Evocations     | 1 2 3 4 5 6 |  6.6
Invocations    | 2 4 5 |  5.7

Action                     |  1- 3 |  4- 6 |  7- 9 | 10-12 || total
---------------------------+-------+-------+-------+-------++-------
  Melee: War axe           |    96 |    93 |   334 |   645 ||  1168
    Use: Potion            |     1 |       |     1 |     7 ||     9
         Scroll            |       |       |    17 |     5 ||    22
 Armour: Scale mail        |    10 |       |       |       ||    10
         Plate armour      |    85 |    69 |   414 |   841 ||  1409
  Dodge: Dodged            |    40 |    19 |   112 |   347 ||   518
  Block: Buckler           |    27 |    17 |   130 |   322 ||   496

Table legend: (Time is in decaauts)
 A = Elapsed time spent in this place.
 B = Non-inter-level travel time spent in this place.
 C = Inter-level travel time spent in this place.
 D = Time resting spent in this place.
 E = Time spent auto-exploring this place.
 F = Levels seen in this place.
 G = Mean time per level.
                   A        B        C        D        E       F      G
               +--------+--------+--------+--------+--------+-----+--------+
         Total |  13530 |  13335 |    195 |   3573 |   6480 |  12 | 1127.5 |
       Dungeon |  11108 |  10913 |    195 |   2250 |   6175 |   9 | 1234.2 |
        Temple |     22 |     22 |      0 |      0 |      3 |   1 |   22.0 |
          Lair |    117 |    117 |      0 |      0 |     60 |   1 |  117.0 |
        Bailey |   2282 |   2282 |      0 |   1323 |    242 |   1 | 2282.0 |
               +--------+--------+--------+--------+--------+-----+--------+

Top non-repeatable levels by time:
  Bailey: 2282 daAuts
     D:9: 1915 daAuts
     D:8: 1775 daAuts
     D:6: 1614 daAuts
     D:5: 1291 daAuts
     D:4: 1157 daAuts
     D:7: 1087 daAuts
     D:3: 1034 daAuts
     D:2: 693 daAuts
     D:1: 538 daAuts
  Lair:1: 117 daAuts
  Temple: 22 daAuts
